 Seeded DCSS version 0.27.1-34-g3ba077fa99 (webtiles) character file.

Game seed: 420757259524105916 (custom seed)

1416 oldmanjim the Slasher (level 8, -1/61 HPs)
             Began as a Vampire Gladiator on Jan 6, 2022.
             Slain by a steam dragon (3 damage)
             ... on level 6 of the Dungeon.
             The game lasted 00:33:29 (4699 turns).

oldmanjim the Slasher (Vampire Gladiator)           Turns: 4699, Time: 00:33:30

Health: -1/61      AC:  8    Str: 25    XL:     8   Next: 43%
Magic:  8/8        EV: 13    Int: 12    God:
Gold:   264        SH:  0    Dex: 16    Spells: 7/7 levels left

rFire    . . .     SeeInvis +   a - +4 triple sword (flame)
rCold    . . .     Faith    .   (shield currently unavailable)
rNeg     . . .     Spirit   .   y - +0 ring mail
rPois    .         Reflect  .   c - +0 helmet
rElec    .         Harm     .   g - +0 cloak {Stlth+}
rCorr    .         Rampage  .   i - +0 pair of gloves
Will     .....                  (no boots)
Stlth    +++.......             (no amulet)
HPRegen  0.40/turn              n - +6 ring of strength
MPRegen  0.11/turn              p - +6 ring of strength

@: healing quickly
A: alive, fangs 3, see invisible, vampiric 2
a: Exsanguinate


You were on level 6 of the Dungeon.
You visited 1 branch of the dungeon, and saw 6 of its levels.

You collected 264 gold pieces.

Inventory:

Hand Weapons
 a - a +4 triple sword of flaming (weapon)
 b - a +0 hand crossbow
 z - a +0 hunting sling
Missiles
 d - 3 throwing nets
 u - 20 poisoned darts (quivered)
 v - 35 stones
 w - 68 bolts
 A - 3 boomerangs
 B - 28 sling bullets
Armour
 c - a +0 helmet (worn)
 g - a +0 cloak of stealth (worn)
 i - a +0 pair of gloves (worn)
 x - a +0 kite shield
 y - a +0 ring mail (worn)
Jewellery
 n - a +6 ring of strength (left hand)
 p - a +6 ring of strength (right hand)
Wands
 k - a wand of digging (6)
Scrolls
 f - a scroll of blinking
 j - a scroll of torment {unknown}
 o - a scroll of summoning {unknown}
 C - a scroll of amnesia {unknown}
Potions
 e - a potion of might {unknown}
 h - 2 potions of lignification
 l - 4 potions of flight
 m - a potion of curing {unknown}
 q - a potion of brilliance {unknown}
 r - a potion of ambrosia {unknown}
 s - 2 potions of haste {unknown}
 t - a potion of heal wounds {unknown}


   Skills:
 + Level 4.5 Fighting
 + Level 7.4 Long Blades
 - Level 1.6 Throwing
 - Level 4.0 Dodging
 - Level 4.0 Stealth
 - Level 4.7 Shields


You had 7 spell levels left.
You didn't know any spells.
Your spell library contained the following spells:

 Spells                   Type           Power      Damage    Failure   Level
 Animate Skeleton         Necr           0%         N/A       45%         1
 Pain                     Necr           0%         1d4       45%         1
 Ignite Poison            Fire/Tmut/Pois 0%         N/A       83%         3
 Mephitic Cloud           Conj/Pois/Air  0%         N/A       83%         3
 Vampiric Draining        Necr           0%         2d6       83%         3
 Bolt of Magma            Conj/Fire/Erth 0%         4d4       100%        5


Dungeon Overview and Level Annotations

Branches:
Dungeon (6/15)
 Temple: D:4-7

Altars:
Elyvilon
Sif Muna
Xom

Shops:
D:2 [


Innate Abilities, Weirdness & Mutations

Your natural rate of healing is accelerated.
You have razor-sharp teeth.
You have supernaturally acute eyesight. (SInv)
You are afflicted with vampirism and can become a bat while bloodless.


Message History

No reachable target in view!
No reachable target in view!
You are engulfed in a cloud of scalding steam.
The steam dragon bites you but does no damage.
The steam dragon barely misses you. The steam dragon bites you.
The steam dragon claws you but does no damage.
You slice the steam dragon!! You burn the steam dragon!
You bite the steam dragon, but do no damage.
The steam dragon is severely wounded.
The steam dragon breathes steam at you. The ball of steam hits you!!
You are too injured to fight recklessly!
The steam dragon bites you.
The steam dragon claws you but does no damage.
You barely miss the steam dragon. Your bite misses the steam dragon.
The steam dragon is severely wounded.
The steam dragon bites you. The steam dragon claws you.
The steam dragon barely misses you. x2
You closely miss the steam dragon.
The steam dragon is severely wounded.
The steam dragon closely misses you. The steam dragon claws you.
The steam dragon completely misses you.
You riposte.
You closely miss the steam dragon.
The steam dragon is severely wounded.
The steam dragon claws you.
You closely miss the steam dragon.
The steam dragon is severely wounded.
The steam dragon bites you but does no damage.
The steam dragon claws you. The steam dragon breathes steam at you.
The ball of steam hits you!!
* * * LOW HITPOINT WARNING * * *
Unknown command.
The steam dragon closely misses you.
The steam dragon claws you but does no damage.
There is a stone staircase leading up here.
The steam dragon bites you but does no damage.
The steam dragon claws you.
You die...

....# ....# .... ... ##### ...
...... .....#######... ......
.............. ......#
............#########......#
...........)#..............+..
...........)')§.@.....≈≈≈.....
....).......#..D.....≈≈≈≈≈....
.....#......#§§)###..≈≈♣≈≈....
...##.....###...# #..≈≈≈≈≈....
..#.#.[...#.....# ♣.).≈≈≈...♣
##.#...<..#....## ♣♣.......♣
.##.......####'# ♣♣.....♣♣
#.#............# ♣♣...♣♣
.#.............# ♣♣.....♣♣


You could see a steam dragon (catching breath).

Vanquished Creatures
  A water moccasin (D:5)
  An ice beast (D:6)
  A black bear (D:5)
  A kobold brigand (D:5)
  A phantom (D:6)
  A scorpion (D:6)
  5 killer bees (D:5)
  2 orc priests
  A jelly (D:5)
  A bullfrog skeleton (D:5)
  3 iguanas
  A scorpion zombie (D:5)
  8 orc wizards
  A howler monkey zombie (D:6)
  5 gnolls
  A howler monkey skeleton (D:4)
  9 adders
  An ufetubus (D:4)
  2 adder zombies (D:5)
  An adder skeleton (D:4)
  3 worms
  A dart slug (D:4)
  12 orcs
  9 endoplasms
  3 giant cockroaches
  7 goblins
  10 hobgoblins
  10 jackals (D:1)
  4 quokkas
  5 ball pythons
  7 bats
  2 frilled lizards
  12 kobolds
  4 rats (D:1)
136 creatures vanquished.

Notes
Turn   | Place    | Note
-------+----------+-------------------------------------------
     0 | D:1      | oldmanjim the Vampire Gladiator began the quest for the
                  | Orb.
     0 | D:1      | Reached XP level 1. HP: 16/16 MP: 1/1
   164 | D:1      | Reached XP level 2. HP: 19/22 MP: 2/2
   427 | D:1      | Gained mutation: You are afflicted with vampirism and can
                  | become a bat while bloodless. [Vampire growth]
   427 | D:1      | Reached XP level 3. HP: 24/27 MP: 3/3
   786 | D:1      | Found a faded altar of an unknown god.
   873 | D:2      | Found Toes's Armour Shop.
   909 | D:2      | Found a shimmering altar of Xom.
   956 | D:2      | Reached XP level 4. HP: 24/34 MP: 4/4
  1188 | D:2      | Reached skill level 4 in Long Blades
  1850 | D:3      | Reached XP level 5. HP: 34/41 MP: 5/5
  2290 | D:4      | Reached skill level 5 in Long Blades
  2350 | D:4      | Reached XP level 6. HP: 38/47 MP: 6/6
  2470 | D:5      | Entered Level 5 of the Dungeon
  2694 | D:4      | Reached skill level 6 in Long Blades
  3198 | D:4      | Reached skill level 1 in Stealth
  3475 | D:5      | Reached skill level 1 in Shields
  3475 | D:5      | Reached XP level 7. HP: 38/43 MP: 7/7
  3806 | D:6      | Reached skill level 7 in Long Blades
  3851 | D:5      | Reached XP level 8. HP: 54/54 MP: 8/8
  3972 | D:5      | Found a shimmering blue altar of Sif Muna.
  4696 | D:6      | HP: 1/61 [steam dragon/ball of steam (18)]
  4699 | D:6      | Slain by a steam dragon

Illustrated notes

Levels and vault maps discovered:
D:1:      lemuel_arrival_room, layout_loops_ring,
          shapermc_ecumenical_altar_mp_vishouse, minmay_pentomino_t2
D:2:      minmay_door_path, layout_basic, basic_altar, serial_shops, shop
D:3:      layout_basic
D:4:      layout_loops_ring
D:5:      layout_rooms, mainiacjoe_overflow_alcove_2, kennysheep_windowed_goal
D:6:      layout_gridville, nicolae_qazlal_general_emergency, elyvilon_altar_3,
          serial_shops, nicolae_shop_competitors_out_of_business,
          minmay_misc_feat_secret_circle

Skill      XL: |  1  2  3  4  5  6  7  8 |
---------------+-------------------------+-----
Fighting       | 2 3 4 |  4.5
Dodging        | 4 |  4.0
Long Blades    | 4 5 6 7 |  7.4
Stealth        | 2 4 |  4.0
Shields        | 1 3 4 |  4.7
Throwing       | |  1.6

Action                   |  1- 3 |  4- 6 |  7- 9 || total
-------------------------+-------+-------+-------++-------
Melee: Long sword        |    72 |       |       ||    72
       Bite              |    14 |    13 |     6 ||    33
       Triple sword      |    29 |    98 |    58 ||   185
 Fire: Hunting sling     |       |       |     6 ||     6
 Abil: Exsanguinate      |       |     1 |       ||     1
       Revivify          |       |       |     1 ||     1
  Use: Scroll            |       |     7 |     1 ||     8
 Stab: Sleeping          |     3 |     3 |     3 ||     9
Armor: Leather armour    |    27 |    25 |       ||    52
       Ring mail         |       |     9 |    32 ||    41
Dodge: Dodged            |    81 |    75 |    71 ||   227
       Rpst.: Long sword |    19 |       |       ||    19
       Triple sword      |    11 |    26 |    19 ||    56
